 Dungeon Crawl Stone Soup version 0.22-a0-109-gbeb7240 (webtiles) character file.

46 Darius099 the Magician (level 3, -4/25 HPs)
             Began as a Human Wizard on Jan 26, 2018.
             Slain by a worm (12 damage)
             ... on level 3 of the Dungeon.
             The game lasted 00:20:24 (2349 turns).

Darius099 the Magician (Human Wizard)               Turns: 2349, Time: 00:20:25

Health: -4/25      AC:  2    Str:  7    XL:     3   Next: 95%
Magic:  1/8        EV: 12    Int: 19    God:
Gold:   92         SH:  0    Dex: 11    Spells: 1/9 levels left

rFire    . . .     SeeInvis .   f - +0 spear (curse)
rCold    . . .     Gourm    .   (no shield)
rNeg     . . .     Faith    .   a - +0 robe
rPois    .         Spirit   .   b - +0 hat
rElec    .         Reflect  .   (no cloak)
rCorr    .         Harm     .   (no gloves)
MR       +....                  (no boots)
Stlth    ++........             (no amulet)
HPRegen  0.08/turn              h - ring of protection from magic
MPRegen  0.11/turn              (no ring)

@: very slightly contaminated
A: no striking features
a: no special abilities


You were on level 3 of the Dungeon.
You were not hungry.

You visited 1 branch of the dungeon, and saw 3 of its levels.

You collected 92 gold pieces.

Inventory:

Hand Weapons
 f - a cursed +0 spear (weapon)
Armour
 a - a +0 robe (worn)
 b - a +0 hat (worn)
Jewellery
 h - a ring of protection from magic (left hand)
Scrolls
 g - a scroll of enchant armour {unknown}
 i - a scroll of remove curse
 l - 2 scrolls of teleportation
Potions
 e - a potion of curing
 m - a potion of brilliance {unknown}
Books
 c - a book of Minor Magic

   Spells                             Type                      Level
   a - Magic Dart                     Conjuration                  1
   b - Blink                          Translocation                2
   c - Call Imp                       Summoning                    2
   d - Slow                           Hexes                        2
   e - Conjure Flame                  Conjuration/Fire             3
   f - Mephitic Cloud                 Conjuration/Poison/Air       3
Comestibles
 d - 3 rations


   Skills:
 - Level 0.7 Fighting
 + Level 2.3 Dodging
 - Level 2.2 Stealth
 + Level 3.7 Spellcasting
 + Level 1.4 Conjurations
 + Level 1.0 Summonings
 - Level 1.0 Translocations


You had one spell level left.
You knew the following spells:

 Your Spells              Type           Power        Failure   Level  Hunger
a - Magic Dart            Conj           #...         8%          1    None
b - Blink                 Tloc           N/A          14%         2    ##.....
c - Call Imp              Summ           #.......     14%         2    ##.....
d - Mephitic Cloud        Conj/Pois/Air  #.......     34%         3    ###....


Dungeon Overview and Level Annotations

Branches:
Dungeon (3/15)

Altars:
Elyvilon

Annotations:
D:3 Natasha


Message History

You miscast Magic Dart.
Nothing appears to happen.
Your crimson imp blinks!
You swap places.
Your crimson imp disappears in a puff of smoke!
Natasha casts a spell.
Casting: Magic Dart (safe; 8% risk of failure)
Confirm with . or Enter, or press ? or * to list all spells.
Aiming: Mephitic Cloud (safe; 34% risk of failure)
Press: ? - help, Shift-Dir - straight line, f/p - rat
Aim: a rat You miscast Mephitic Cloud.
You feel a strange surge of energy!
Natasha howls an incantation.
Natasha glows brightly for a moment.
Natasha casts a spell.
Natasha mumbles some strange words.
You feel disoriented.
A worm comes into view.
The rat barely misses you. The worm bites you!
You die...

#.5....5...#.#
#.########.#5# #.#
#####.#.# #5#
#..ยง....# #.#
#.###...# #.# #.#
#...##### #.# #.#
#......$.
#.####w###........
#..hr.@....######.#
######.##### # #.#
#.. ###. .# #


You could see a worm, Natasha and a rat.

Vanquished Creatures
  An adder (D:2)
  A leopard gecko (D:1)
  2 giant cockroaches (D:1)
  8 goblins
  5 hobgoblins
  4 kobolds
  A quokka (D:3)
  2 ball pythons
  4 bats
  4 frilled lizards
  3 rats
35 creatures vanquished.

Vanquished Creatures (others)
  A quokka (D:3)
1 creature vanquished.

Grand Total: 36 creatures vanquished

Notes
Turn   | Place    | Note
-------+----------+-------------------------------------------
     0 | D:1      | Darius099 the Human Wizard began the quest for the Orb.
     0 | D:1      | Reached XP level 1. HP: 13/13 MP: 4/4
   201 | D:1      | Reached XP level 2. HP: 19/19 MP: 0/6
   205 | D:1      | Learned a level 2 spell: Blink
   208 | D:1      | Learned a level 2 spell: Call Imp
   674 | D:1      | You fall through a shaft!
   924 | D:1      | Reached XP level 3. HP: 23/24 MP: 0/8
  1154 | D:2      | Learned a level 3 spell: Mephitic Cloud
  1254 | D:2      | Found a faded altar of an unknown god.
  2136 | D:3      | Found a white marble altar of Elyvilon.
  2247 | D:3      | Noticed Natasha
  2349 | D:3      | Slain by a worm

Vault maps used:
D:1:      saegor_arrival_under_anarchy, serial_forest,
          infiniplex_forest_diagonal, infiniplex_forest_clump_small,
          infiniplex_forest_diagonal, infiniplex_forest_lined_room_2,
          infiniplex_forest_straight_4, infiniplex_forest_lined_3,
          infiniplex_forest_clump_tiny, infiniplex_forest_clump_long,
          infiniplex_forest_straight_1, infiniplex_forest_clump_double
D:2:      minmay_door_path, first_ration, chequers_ecumenical_altar_simple
D:3:      elyvilon_altar_4, uniq_natasha

Action                   || total
-------------------------++-------
Melee: Unarmed           ||     1
       Spear             ||     1
 Cast: Magic Dart        ||    96
       Blink             ||     6
       Mephitic Cloud    ||     1
       Call Imp          ||     1
  Use: Scroll            ||     3
       Potion            ||     3
  Eat: Ration            ||     2
Armor: Robe              ||    17
Dodge: Dodged            ||    58

Table legend:
 A = Spawn XP
 B = Non-spawn XP
 C = Spawn XP percentage of total XP
 D = Spawn monster count
 E = Non-spawn monster count
 F = Spawn count percentage of total count
 G = Total turns spent on level
                    A         B        C        D         E        F      G
               +---------+---------+-------+---------+---------+-------+---------
         Total |       0 |      67 |   0.0 |       0 |      35 |   0.0 |  2349
               +---------+---------+-------+---------+---------+-------+---------
           D:1 |       0 |      30 |   0.0 |       0 |      17 |   0.0 |  1068
           D:2 |       0 |      27 |   0.0 |       0 |      12 |   0.0 |  1037
           D:3 |       0 |      10 |   0.0 |       0 |       6 |   0.0 |   244
               +---------+---------+-------+---------+---------+-------+---------
